 Dungeon Crawl Stone Soup version 0.22.0-6-g71bd7aa (webtiles) character file.

273 sking99 the Magician (level 6, 28/28 HPs)
             Began as a Spriggan Summoner on Aug 14, 2018.
             Quit the game on level 4 of the Dungeon.
             The game lasted 00:15:04 (5248 turns).

sking99 the Magician (Spriggan Summoner)            Turns: 5248, Time: 00:15:04

Health: 28/28      AC:  2    Str:  4    XL:     6   Next: 3%
Magic:  14/14      EV: 20    Int: 18    God:
Gold:   225        SH:  0    Dex: 17    Spells: 5/15 levels left

rFire    . . .     SeeInvis +   j - +0 falchion (curse)
rCold    . . .     Gourm    .   (shield restricted)
rNeg     . . .     Faith    .   r - +0 robe of the Distant Future {rElec}
rPois    .         Spirit   .   (helmet restricted)
rElec    +         Reflect  .   (no cloak)
rCorr    .         Harm     .   (gloves unavailable)
MR       +....                  (boots unavailable)
Stlth    ++........             (no amulet)
HPRegen  0.09/turn              (no ring)
MPRegen  0.14/turn              (no ring)

@: very quick
A: very small, unfitting armour, see invisible, herbivore, speed 3, slow
metabolism 2
a: no special abilities


You were on level 4 of the Dungeon.
You were not hungry.

You visited 1 branch of the dungeon, and saw 4 of its levels.

You collected 225 gold pieces.

Inventory:

Hand Weapons
 j - a cursed +0 falchion (weapon)
Armour
 a - a +0 robe
 r - the +0 robe of the Distant Future (worn) {rElec}
   (You found it on level 4 of the Dungeon)

   It insulates you from electricity.
Jewellery
 f - an uncursed ring of ice {unknown}
 i - an uncursed ring of wizardry {unknown}
 l - an uncursed ring of ice {unknown}
 m - an uncursed amulet of the gourmand {unknown}
Wands
 k - a wand of polymorph (11)
 q - a wand of paralysis (13)
Scrolls
 d - a scroll of immolation {unknown}
 e - a scroll of amnesia
 g - a scroll of remove curse
Potions
 b - 3 potions of curing
 h - 2 potions of heal wounds
 o - a potion of invisibility {unknown}
 p - a potion of might {unknown}
Comestibles
 c - a ration


   Skills:
 + Level 0.0 Fighting
 - Level 4.5 Dodging
 - Level 3.0 Stealth
 + Level 5.0 Spellcasting
 + Level 4.4 Summonings
 + Level 2.0 Air Magic


You had 5 spell levels left.
You knew the following spells:

 Your Spells              Type           Power        Failure   Level  Hunger
a - Summon Small Mammal   Summ           ###.         2%          1    None
b - Call Imp              Summ           ###.....     3%          2    #......
c - Call Canine Familiar  Summ           ###.....     7%          3    ##.....
d - Summon Lightning Spi  Summ/Air       ###.....     34%         4    ####...

Your spell library contained the following spells:

 Spells                   Type           Power        Failure   Level  Hunger
 Summon Ice Beast         Ice/Summ       ##......     47%         4    ####...
 Summon Guardian Golem    Hex/Summ       ##......     16%         3    ##.....


Dungeon Overview and Level Annotations

Branches:
Dungeon (4/15)
 Temple: D:4-7

Altars:
Dithmenos
Kikubaaqudgha
Makhleb
Okawaru
Qazlal
Ru
Uskayaw
Vehumet
Wu Jian
Zin
The Shining One


Innate Abilities, Weirdness & Mutations

You are very small and have problems with some larger weapons.
You are too small for most types of armour.
You have supernaturally acute eyesight. (SInv)
You are a herbivore.
You cover ground extremely quickly.
You need to consume almost no food.


Message History

Your Air Magic skill increases to level 2!
You have reached level 6!
Your experience leads to an increase in your attributes!
Increase (S)trength, (I)ntelligence, or (D)exterity?
You feel clever.
You start resting.
You feel sick. x6
Magic restored.
You start resting.
You feel sick. x2
You are no longer poisoned.
You start resting.
Your hound disappears in a puff of smoke!
HP restored.
You enter the shallow water.
Moving in this stuff is going to be slow.
b - 3 potions of curing (gained 1)
A giant cockroach comes into view.
A giant cockroach is nearby!
A giant cockroach is nearby!
A giant cockroach is nearby!
Are you sure you want to abandon this character and quit the game? (Confirm with "yes".)

♣♣♣♣♣♣# #.# #♣≈≈≈≈P≈≈##
#.# #≈≈≈≈≈≈≈P≈♣♣♣#.#
##≈≈≈≈≈P≈≈≈≈≈≈P≈##
#≈≈≈≈P≈≈≈≈≈≈≈≈≈≈≈##
≈≈≈≈≈≈≈≈≈P≈≈PP≈P≈P#
♣≈≈..≈♣≈≈≈≈≈≈P≈≈♣#######
.........≈.≈≈♣♣≈........
.s.....@................
P≈......................
♣≈≈≈≈PP≈.≈...##.########
♣♣P≈≈≈≈P≈P≈♣....#
♣≈≈PP≈≈≈≈≈######
#♣♣♣♣♣♣♣♣##


You could see a giant cockroach (sleeping).

Vanquished Creatures
  A jackal (D:3)
1 creature vanquished.

Vanquished Creatures (collateral kills)
  An ogre (D:4)
  A hound (D:4)
  An orc priest (D:3)
  5 worker ants (D:4)
  2 orc wizards
  4 adders
  4 gnolls
  3 worms
  3 leopard geckos
  13 orcs
  5 giant cockroaches
  9 goblins
  5 hobgoblins
  8 jackals (D:3)
  3 quokkas (D:3)
  A ball python (D:3)
  10 bats
  4 frilled lizards
  6 kobolds
  8 rats
96 creatures vanquished.

Grand Total: 97 creatures vanquished

Notes
Turn   | Place    | Note
-------+----------+-------------------------------------------
     0 | D:1      | sking99 the Spriggan Summoner began the quest for the Orb.
     0 | D:1      | Reached XP level 1. HP: 9/9 MP: 5/5
   166 | D:1      | Reached skill level 3 in Spellcasting
   173 | D:1      | Reached XP level 2. HP: 13/13 MP: 4/7
   177 | D:1      | Learned a level 2 spell: Call Imp
  1510 | D:2      | Found an ancient bone altar of Kikubaaqudgha.
  1781 | D:2      | Found an iron altar of Okawaru.
  1787 | D:2      | Reached XP level 3. HP: 16/16 MP: 2/8
  2213 | D:3      | Learned a level 3 spell: Call Canine Familiar
  2729 | D:3      | Found a sacrificial altar of Ru.
  2911 | D:3      | Found a hide-covered altar of Uskayaw.
  2928 | D:3      | Reached XP level 4. HP: 16/21 MP: 1/10
  3518 | D:3      | Learned a level 4 spell: Summon Lightning Spire
  3649 | D:3      | Reached skill level 4 in Spellcasting
  3876 | D:4      | Reached skill level 1 in Air Magic
  4085 | D:4      | Noticed an ogre
  4105 | D:4      | Killed an ogre
  4105 | D:4      | Reached XP level 5. HP: 24/24 MP: 6/12
  4241 | D:4      | Got a twisted robe
  4252 | D:4      | Identified the cursed +0 robe of the Distant Future {rElec} (You found it on level 4 of the Dungeon)
  4541 | D:4      | Found an ornate altar of the Wu Jian Council.
  4552 | D:4      | Found a stormy altar of Qazlal.
  4553 | D:4      | Found a radiant altar of Vehumet.
  4553 | D:4      | Found a glowing silver altar of Zin.
  4554 | D:4      | Found a glowing golden altar of the Shining One.
  4554 | D:4      | Found a shadowy altar of Dithmenos.
  4555 | D:4      | Found a burning altar of Makhleb.
  4971 | D:4      | Reached skill level 5 in Spellcasting
  4971 | D:4      | Reached XP level 6. HP: 15/28 MP: 11/14
  5248 | D:4      | Quit the game

Skill      XL: |  1  2  3  4  5 |
---------------+----------------+-----
Spellcasting   | 3 4 5 |  5.0
Dodging        | 4 |  4.5
Summonings     | 4 |  4.4
Air Magic      | 1 2 |  2.0
Stealth        | |  3.0

Action                   |  1- 3 |  4- 6 || total
-------------------------+-------+-------++-------
Melee: Unarmed           |    16 |    34 ||    50
       Falchion          |       |     7 ||     7
 Cast: Summon Small Mamm |    13 |     2 ||    15
       Call Imp          |    50 |    22 ||    72
       Call Canine Famil |     6 |    17 ||    23
  Use: Scroll            |       |     8 ||     8
 Stab: Distracted        |       |     1 ||     1
  Eat: Ration            |     1 |     3 ||     4
Armor: Robe              |     9 |     9 ||    18
Dodge: Dodged            |    52 |    72 ||   124
       Rpst.: Falchion   |       |     2 ||     2
